 Dungeon Crawl Stone Soup version 0.30-a0-879-ga8ba668304 (webtiles) character file.

Game seed: 11115846534008380952

184 hikkokomori the Gusty (level 5, -1/30 HPs)
             Began as a Tengu Air Elementalist on Mar 13, 2023.
             Slain by Dowan
             ... wielding a +0 dagger
              (7 damage)
             ... on level 4 of the Dungeon.
             The game lasted 00:05:57 (2519 turns).

hikkokomori the Gusty (Tengu Air Elementalist)      Turns: 2519, Time: 00:05:57

Health: -1/30      AC:  2    Str:  8    XL:     5   Next: 63%
Magic:  0/9        EV: 14    Int: 17    God:
Gold:   16         SH:  4    Dex: 15    Spells: 5/8 levels left

rFire   + . .      SeeInvis .    j - staff of conjuration
rCold   + . .      Faith    .    o - +0 buckler {rC+ rF+}
rNeg    . . .      Spirit   .    a - +0 robe
rPois   .          Reflect  .    (helmet restricted)
rElec   .          Rampage  .    (no cloak)
rCorr   .                        (no gloves)
Will    .....                    (boots unavailable)
Stlth   ++                       (no amulet)
HPRegen 0.25/turn                (no ring)
MPRegen 0.11/turn                (no ring)

@: flying quickly and evasively, quick
A: beak, talons 3, nimble flight
a: no special abilities


You were on level 4 of the Dungeon.
You visited 1 branch of the dungeon, and saw 4 of its levels.

You collected 188 gold pieces.
You spent 172 gold pieces at shops.

Inventory:

Hand Weapons
 h - a +0 club
Armour
 a - a +0 robe (worn)
 o - a +0 buckler of resistance (worn)
Magical Staves
 j - a staff of conjuration (weapon)
Scrolls
 c - a scroll of torment {unknown}
 f - 2 scrolls of teleportation
 k - a scroll of enchant weapon {unknown}
 l - a scroll of blinking {unknown}
 m - a scroll of poison {unknown}
 p - a scroll of amnesia {unknown}
Potions
 b - a potion of magic
 e - 2 potions of haste
 g - 2 potions of brilliance
 i - 2 potions of attraction
 n - a potion of curing


   Skills:
 + Level 2.1 Fighting
 - Level 2.2 Dodging
 + Level 3.3 Stealth
 + Level 1.0 Shields
 + Level 2.4 Spellcasting
 + Level 3.3 Conjurations
 + Level 5.0 Air Magic


You had 5 spell levels left.
You knew the following spells:

 Your Spells              Type           Power      Damage    Failure   Level
a - Shock                 Conj/Air       96%        1d9       4%          1
b - Static Discharge      Conj/Air       48%        2-4/arc   7%          2

Your spell library contained the following spells:

 Spells                   Type           Power      Damage    Failure   Level
 Swiftness                Air            19%        N/A       10%         3
 Kiss of Death            Conj/Necr      44%        2d8       13%         1
 Airstrike                Air            9%         2d(2-18)  30%         4
 Confusing Touch          Hex            2%         N/A       58%         3
 Dispel Undead            Necr           2%         3d7       94%         4
 Summon Forest            Summ/Tloc      1%         N/A       100%        5
 Summon Mana Viper        Hex/Summ       2%         N/A       100%        5
 Summon Cactus Giant      Summ           1%         N/A       100%        6


Dungeon Overview and Level Annotations

Branches:
Dungeon (4/15)
 Temple: D:4-7

Altars:

Shops:
D:2 :[[[

Annotations:
D:4 Dowan


Innate Abilities, Weirdness & Mutations

You have a beak for a mouth.
You have claws for feet.
Your magical nature lets you fly swiftly and evasively.


Message History

Duvessa hits you with a +0 short sword!
* * * LOW HITPOINT WARNING * * *
Casting: Shock (safe; 5% risk of failure)
Confirm with . or Enter, or press ? or * to list all spells.
Aiming: Shock (safe; 5% risk of failure)
Press: ? - help, Shift-Dir - straight line You feel a surge of power!
The zap hits Duvessa.
You kill Duvessa!
Dowan screams, "No!
Oh no!"
Dowan seems to find hidden reserves of power!
The zap hits Dowan but does no damage.
Dowan is moderately wounded.
The zap hits Dowan!
Dowan is severely wounded.
Your Fighting skill increases to level 2!
Your Stealth skill increases to level 3!
Your Shields skill increases to level 1!
Your Conjurations skill increases to level 3!
Your Air Magic skill increases to level 5!
You have reached level 5!
Your magical nature develops, letting you fly swiftly and evasively.
Unknown command.
Casting: Shock (safe; 4% risk of failure)
Confirm with . or Enter, or press ? or * to list all spells.
Aiming: Shock (safe; 4% risk of failure)
Press: ? - help, Shift-Dir - straight line You feel a surge of power!
The zap hits Dowan.
Dowan is almost dead.
The zap misses Dowan.
Dowan closely misses you. x2
Unknown command.
Casting: Shock (safe; 4% risk of failure)
Confirm with . or Enter, or press ? or * to list all spells.
You don't have enough magic to cast this spell.
Unknown command.
You have nothing you can fire or use right now.
Okay, then.
You closely miss Dowan. You claw Dowan, but do no damage.
Dowan is almost dead.
Dowan hits you with a +0 dagger!
You die...

##...##
#......#
#...#
######.#
##..# #.#
##.# #.#
#.# #.# #
#.#
#########.#
#.........#
#@#########
#e#
..#######.#
#...e.....#
###########


You could see Dowan (fast).

Vanquished Creatures
  Duvessa (D:4)
  An adder (D:2)
  A worm (D:2)
  A dart slug (D:4)
  2 ball pythons (D:3)
  9 bats
  4 endoplasms
  3 giant cockroaches
  6 hobgoblins
  7 jackals (D:2)
  2 quokkas
  2 frilled lizards (D:3)
  13 goblins
  A kobold (D:3)
  5 rats (D:1)
58 creatures vanquished.

Notes
Turn   | Place    | Note
-------+----------+-------------------------------------------
     0 | D:1      | hikkokomori the Tengu Air Elementalist began the quest for
                  | the Orb.
     0 | D:1      | Reached XP level 1. HP: 10/10 MP: 4/4
   223 | D:1      | Reached XP level 2. HP: 15/15 MP: 4/6
   276 | D:1      | Found a faded altar of an unknown god.
   815 | D:2      | Found Naecim's Book Shop.
   851 | D:2      | Found Vyalixie's Armour Shoppe.
   937 | D:2      | Reached skill level 1 in Fighting
   937 | D:2      | Reached XP level 3. HP: 10/20 MP: 1/7
  1430 | D:2      | Reached XP level 4. HP: 25/25 MP: 6/8
  1488 | D:2      | Found Rikat's Antique Armour Boutique.
  1512 | D:2      | Found Homoppi's Antique Armour Emporium.
  1679 | D:3      | Learned a level 2 spell: Static Discharge
  2267 | D:2      | Bought a shiny buckler for 172 gold pieces
  2461 | D:4      | Noticed Duvessa
  2505 | D:4      | Noticed Dowan
  2517 | D:4      | Killed Duvessa
  2518 | D:4      | Reached skill level 1 in Shields
  2518 | D:4      | Reached skill level 5 in Air Magic
  2518 | D:4      | Gained mutation: Your magical nature lets you fly swiftly
                  | and evasively. [Tengu growth]
  2518 | D:4      | Reached XP level 5. HP: 5/30 MP: 1/9
  2519 | D:4      | Slain by Dowan

Illustrated notes

Levels and vault maps discovered:
D:1:      dpeg_arrival_pits, layout_basic, dreamdust_ecumenical_altar_statues
D:2:      cheibrodos_greedy_goblins, layout_rooms, serial_shops,
          nicolae_shop_statue_plus, shop_statue, shop, nicolae_lakefront_shop
D:3:      layout_rooms, item_on_display_a
D:4:      layout_loops_ring, lemuel_tele_altar,
          pdpol_wu_jian_five_deadly_venoms, serial_park_tiny_1, uniq_natasha,
          uniq_duvessa

Skill      XL: |  1  2  3  4 |
---------------+-------------+-----
Conjurations   | 2 3 |  3.3
Fighting       | 1 2 |  2.1
Stealth        | 3 |  3.3
Shields        | 1 |  1.0
Air Magic      | 5 |  5.0
Dodging        | |  2.2
Spellcasting   | |  2.4

Action                     |  1- 3 |  4- 6 || total
---------------------------+-------+-------++-------
  Melee: Unarmed           |    13 |       ||    13
         Kick              |     5 |     3 ||     8
         Peck              |     5 |     2 ||     7
         Club              |     5 |     1 ||     6
         Staff             |       |     7 ||     7
   Cast: Shock             |    61 |    33 ||    94
    Use: Scroll            |       |     5 ||     5
   Stab: Sleeping          |       |     2 ||     2
 Armour: Robe              |     7 |     1 ||     8
  Dodge: Dodged            |    17 |     9 ||    26
  Block: Buckler           |       |     1 ||     1

Table legend: (Time is in decaauts)
 A = Elapsed time spent in this place.
 B = Non-inter-level travel time spent in this place.
 C = Inter-level travel time spent in this place.
 D = Time resting spent in this place.
 E = Time spent auto-exploring this place.
 F = Levels seen in this place.
 G = Mean time per level.
                   A        B        C        D        E       F      G
               +--------+--------+--------+--------+--------+-----+--------+
         Total |   2521 |   2402 |    119 |     61 |   2020 |   4 |  630.2 |
       Dungeon |   2521 |   2402 |    119 |     61 |   2020 |   4 |  630.2 |
               +--------+--------+--------+--------+--------+-----+--------+

Top non-repeatable levels by time:
     D:2: 898 daAuts
     D:1: 777 daAuts
     D:3: 623 daAuts
     D:4: 222 daAuts
